 Dungeon Crawl Stone Soup version 0.24-a0-479-g9a978d2894 (webtiles) character file.

Game seed: 2102514364883163945

3592 Gargoyl the Schismatic (level 9, -4/74 HPs)
             Began as a Centaur Abyssal Knight on July 6, 2019.
             Was an Elder of Lugonu.
             Slain by a six-headed hydra (6 damage)
             ... on level 12 of the Dungeon.
             The game lasted 00:12:13 (9579 turns).

Gargoyl the Schismatic (Centaur Abyssal Knight)     Turns: 9579, Time: 00:12:13

Health: -4/74      AC: 15    Str: 19    XL:     9   Next: 85%
Magic:  13/13      EV:  7    Int: 11    God:    Lugonu [****..]
Gold:   224        SH:  0    Dex: 12    Spells: 8/8 levels left

rFire    . . .     SeeInvis .   h - +4 great sword of Callousness {vamp, MR+ Str+4}
rCold    . . .     Gourm    .   (shield currently unavailable)
rNeg     . . .     Faith    .   m - +0 chain mail
rPois    .         Spirit   .   s - +2 helmet
rElec    .         Reflect  .   b - +0 cloak
rCorr    +         Harm     .   d - +1 pair of gloves
MR       ++...                  (no barding)
Stlth    ..........             (no amulet)
HPRegen  0.22/turn              o - ring of protection from magic
MPRegen  0.13/turn              n - ring of resist corrosion

@: confused, very slightly contaminated, invisible, very quick
A: large, hooves 3, deformed body, speed 2, tough skin 3
a: Depart the Abyss, Bend Space, Banish, Corrupt, Renounce Religion


You were on level 12 of the Dungeon.
You worshipped Lugonu.
Lugonu was greatly pleased with you.
You were not hungry.

You visited 1 branch of the dungeon, and saw 10 of its levels.
You visited the Abyss 1 time.

You collected 534 gold pieces.
You spent 310 gold pieces at shops.

Inventory:

Hand Weapons
 a - a +1 hand axe
 g - a +2 whip of freezing
 h - the +4 great sword of Callousness (weapon) {vamp, MR+ Str+4}
   (You bought it in a shop on level 6 of the Dungeon)

   It inflicts no extra harm, but heals its wielder when it wounds a living foe.
   It affects your strength (+4).
   It affects your resistance to hostile enchantments.
 z - a +1 war axe of freezing
Missiles
 v - 3 boomerangs (quivered)
Armour
 b - a +0 cloak (worn)
 d - a +1 pair of gloves (worn)
 m - a +0 chain mail (worn)
 s - a +2 helmet (worn)
Jewellery
 k - an uncursed ring of see invisible
 l - an uncursed ring of ice
 n - a ring of resist corrosion (right hand)
 o - a ring of protection from magic (left hand)
 r - an uncursed ring of flight
 y - an uncursed ring of ice
Wands
 q - a wand of polymorph (3)
 u - a wand of paralysis (6)
 C - a wand of flame (14)
 E - a wand of scattershot (4)
Scrolls
 e - 2 scrolls of remove curse
 f - 2 scrolls of identify
 j - 3 scrolls of fear
 t - 2 scrolls of fog
 w - a scroll of blinking
 B - a scroll of teleportation
Potions
 i - 2 potions of haste
 p - a potion of brilliance
Comestibles
 c - 16 rations


   Skills:
 + Level 5.4 Fighting
 + Level 5.4 Long Blades
 + Level 4.5 Axes
 + Level 0.9 Throwing
 * Level 5.9 Armour
 * Level 4.1 Dodging
 * Level 6.1 Invocations
 + Level 0.7 Evocations


You had 8 spell levels left.
You didn't know any spells.
Your spell library was empty.

Dungeon Overview and Level Annotations

Branches:
Dungeon (9/15)             Temple (0/1) D:6
   Lair: D:8-11         Orc: D:9-12

Altars:
Elyvilon
Fedhas
Hepliaklqana
Makhleb
Wu Jian

Shops:
D:6 [*:}(   D:7 *


Innate Abilities, Weirdness & Mutations

You have hooves in place of feet.
Armour fits poorly on your strangely shaped body.
You cover ground very quickly.
You have extremely tough skin. (AC +3)


Message History

The six-headed hydra bites you.
* * * LOW HITPOINT WARNING * * *
The six-headed hydra bites you but does no damage. x2
Unknown command.
Unknown command.
You're too confused to move!
The six-headed hydra closely misses you.
The six-headed hydra bites you.
* * * LOW HITPOINT WARNING * * *
The six-headed hydra bites you but does no damage.
The six-headed hydra barely misses you. The six-headed hydra bites you.
* * * LOW HITPOINT WARNING * * *
The six-headed hydra barely misses you.
Okay, then.
Okay, then.
You bump into the rock wall.
The six-headed hydra bites you!
* * * LOW HITPOINT WARNING * * *
The six-headed hydra closely misses you.
The six-headed hydra bites you.
You die...

#.#####.## #.#.#
#.##...## ..# ...
#.##.#.# .### .#
#.##.#.###% .# ..#
#.......## .#...#
#........###...#
#.#####.#...######
#D# #.##.......#
#@# #.##.......#
#.# #.##.......#
#.# #.##.......#
#.. ..##.......#
### ## #.......#
#.......#
#.......#
#.#####.# #% .#


You could see a six-headed hydra.

Vanquished Creatures
  A two-headed ogre (D:7)
  A hippogriff (D:7)
  A hungry ghost (D:8)
  A water moccasin (D:9)
  An ice beast (D:6)
  2 sky beasts (D:8)
  A hornet zombie (D:7)
  2 orc warriors
  A black bear (D:7)
  An ogre (D:7)
  2 centaurs
  A big kobold (D:8)
  2 bullfrogs (D:8)
  A gnoll sergeant (D:8)
  2 scorpions
  A wight (D:7)
  5 crimson imps
  6 hounds
  A jelly (D:8)
  A bullfrog zombie (D:8)
  3 orc priests
  6 orc wizards
  A bullfrog skeleton (D:12)
  Ijyb (D:3)
  3 iguanas
  8 worker ants
  A howler monkey zombie (D:2)
  5 gnolls
  9 adders
  2 oozes
  2 adder skeletons (D:4)
  A worm (D:4)
  5 dart slugs
  7 leopard geckos
  16 orcs
  A ball python (D:1)
  10 giant cockroaches
  8 goblins
  5 hobgoblins
  11 jackals
  2 quokkas
  10 bats
  5 frilled lizards
  A giant cockroach zombie (D:5)
  A jackal skeleton (D:4)
  13 kobolds
  A leopard gecko skeleton (D:4)
  A leopard gecko zombie (D:6)
  A quokka skeleton (D:6)
  5 rats
179 creatures vanquished.

Vanquished Creatures (others)
  A quokka (D:7)
1 creature vanquished.

Grand Total: 180 creatures vanquished

Notes
Turn   | Place    | Note
-------+----------+-------------------------------------------
     0 | Abyss:1  | Gargoyl the Centaur Abyssal Knight began the quest for the
                  | Orb.
     0 | Abyss:1  | Reached XP level 1. HP: 19/19 MP: 2/2
    28 | Abyss:1  | Noticed a neqoxec
    32 | Abyss:1  | Noticed a quasit
   153 | Abyss:1  | Noticed a spatial maelstrom
   153 | Abyss:1  | Noticed a spatial vortex
   163 | Abyss:1  | Noticed a spatial vortex
   166 | Abyss:1  | Noticed an ancient zyme
   170 | Abyss:1  | Noticed a spatial vortex
   173 | Abyss:1  | Noticed a spatial vortex
   176 | Abyss:1  | Noticed a chaos spawn
   178 | Abyss:1  | Found a corrupted altar of Lugonu.
   179 | Abyss:1  | Noticed a spatial vortex
   180 | Abyss:1  | Noticed a spatial vortex
   182 | Abyss:1  | Noticed a spatial vortex
   186 | Abyss:1  | Noticed a spatial vortex
   190 | Abyss:1  | Noticed a spatial vortex
   192 | Abyss:1  | Noticed a spatial vortex
   195 | Abyss:1  | Noticed a spatial vortex
   200 | Abyss:1  | Noticed a spatial vortex
   202 | Abyss:1  | Noticed a spatial vortex
   202 | Abyss:1  | Noticed a spatial vortex
   205 | Abyss:1  | Noticed a spatial vortex
   206 | Abyss:1  | Noticed a spatial vortex
   210 | Abyss:1  | Noticed a spatial vortex
   210 | Abyss:1  | Noticed a large abomination
   215 | D:1      | Escaped the Abyss
   466 | D:1      | Reached XP level 2. HP: 8/26 MP: 3/3
   734 | D:1      | Reached skill level 1 in Dodging
   850 | D:1      | Reached * piety under Lugonu
  1017 | D:1      | Reached XP level 3. HP: 31/31 MP: 4/4
  1990 | D:2      | Reached XP level 4. HP: 26/38 MP: 5/5
  2184 | D:2      | Reached ** piety under Lugonu
  2509 | D:3      | Reached XP level 5. HP: 45/46 MP: 7/7
  2718 | D:3      | Noticed Ijyb
  2730 | D:3      | Paralysed by Ijyb for 5 turns
  2741 | D:3      | Paralysed by Ijyb for 5 turns
  2747 | D:3      | Killed Ijyb
  2747 | D:3      | Reached skill level 3 in Invocations
  3542 | D:4      | Reached XP level 6. HP: 35/52 MP: 8/8
  4568 | D:5      | Entered Level 5 of the Dungeon
  4575 | D:5      | Found an ornate altar of the Wu Jian Council.
  5522 | D:6      | Reached XP level 7. HP: 36/59 MP: 9/9
  5657 | D:6      | Found Xiateg's Armour Emporium.
  5703 | D:6      | Found a blossoming altar of Fedhas.
  5703 | D:6      | Found a hazy altar of Hepliaklqana.
  5957 | D:6      | Reached *** piety under Lugonu
  5984 | D:6      | Reached skill level 4 in Invocations
  6273 | D:6      | Found Botuill's Book Boutique.
  6275 | D:6      | Found Zarghel's Antique Weapon Boutique.
  6279 | D:6      | Found Cotot's Gadget Emporium.
  6298 | D:6      | Bought an ichor-stained great sword for 310 gold pieces
  6298 | D:6      | Identified the +4 great sword of Callousness {vamp, MR+
                  | Str+4} (You bought it in a shop on level 6 of the Dungeon)
  6457 | D:6      | Found Ifula's Assorted Antiques.
  6574 | D:6      | Reached skill level 1 in Long Blades
  6574 | D:6      | Reached XP level 8. HP: 64/67 MP: 11/11
  6903 | D:6      | Found a staircase to the Ecumenical Temple.
  7439 | D:7      | Found a white marble altar of Elyvilon.
  7504 | D:7      | Noticed a two-headed ogre
  7530 | D:7      | Noticed a hippogriff
  7537 | D:7      | Found Voghumoa's General Store.
  7557 | D:7      | Found a burning altar of Makhleb.
  7986 | D:7      | HP: 3/67 [two-headed ogre/+0 giant club (17)]
  7997 | D:7      | Killed a two-headed ogre
  7997 | D:7      | Reached skill level 5 in Armour
  7997 | D:7      | Reached skill level 5 in Invocations
  7997 | D:7      | Reached XP level 9. HP: 5/73 MP: 12/12
  8000 | D:7      | Reached skill level 5 in Fighting
  8514 | D:8      | Reached **** piety under Lugonu
  8561 | D:8      | Reached skill level 5 in Long Blades
  8958 | D:8      | Reached skill level 6 in Invocations
  9512 | D:9      | You fall into a shaft and drop 3 floors!
  9545 | D:12     | Noticed a four-headed hydra
  9579 | D:12     | HP: 2/74 [six-headed hydra (8)]
  9579 | D:12     | Slain by a six-headed hydra

Levels and vault maps discovered:
D:1:      wander_arrival_peaceful_grave, layout_basic, minmay_pentomino_w4
D:2:      layout_basic, minmay_misc_feat_plants
D:3:      layout_loops_ring, first_ration, minmay_pentomino_pile, uniq_ijyb
D:4:      layout_basic, minmay_misc_feat_enclosed
D:5:      layout_loops_ring, nicolae_overflow_crystal_walls
D:6:      layout_gridville, gammafunk_temple_overflow_elements, temple_green,
          serial_shops, nicolae_shop_temple_entry_statues_fountains, shop_coins,
          nicolae_shop_statue_plus, shop, shop, patterned_corridor
D:7:      minmay_chambers_of_sixes, layout_basic, elyvilon_altar_4,
          lemuel_coloured_pillars_altar, serial_shops,
          nicolae_shop_temple_entry_statues_fountains
D:8:      layout_rooms
D:9:      layout_long_grid, gammafunk_temple_overflow_wave
D:12:     layout_loops_cross, serial_ice, serial_ice_n, serial_ice_m,
          serial_ice_c, serial_ice_l, serial_ice_a, serial_ice_g,
          portal_ice_cave_rime, hangedman_little_slice_of_home

Skill      XL: |  1  2  3  4  5  6  7  8  9 |
---------------+----------------------------+-----
Dodging        | 1 2 3 4 |  4.1
Axes           | 2 3 4 |  4.5
Armour         | 2 3 5 |  5.9
Invocations    | 3 4 5 6 |  6.1
Fighting       | 4 5 |  5.4
Long Blades    | 1 3 5 |  5.4
Throwing       | |  0.9
Evocations     | |  0.7

Action                   |  1- 3 |  4- 6 |  7- 9 || total
-------------------------+-------+-------+-------++-------
Melee: Hand axe          |    68 |   217 |    80 ||   365
       Kick              |    14 |    49 |    69 ||   132
       Great sword       |       |       |   186 ||   186
Throw: Boomerang         |       |       |     6 ||     6
Invok: Depart the Abyss  |     1 |       |       ||     1
       Banish            |       |       |     3 ||     3
Evoke: Wand              |       |       |     4 ||     4
  Use: Scroll            |     5 |     7 |     5 ||    17
       Potion            |       |       |     5 ||     5
 Stab: Paralysed         |       |       |     6 ||     6
  Eat: Chunk             |     2 |    10 |     7 ||    19
       Ration            |       |       |     2 ||     2
Armor: Leather armour    |     3 |       |       ||     3
       Ring mail         |    56 |   102 |    30 ||   188
       Chain mail        |       |       |   333 ||   333
       Skin              |       |       |    19 ||    19
Dodge: Dodged            |    38 |    90 |   161 ||   289
       Rpst.: Great sword |       |       |    35 ||    35

Table legend:
 A = Non-vault XP
 B = Vault XP
 C = Vault XP percentage of total XP
 D = Non-vault monster count
 E = Vault monster count
 F = Vault count percentage of total count
                 A         B        C        D         E       F
            +---------+---------+-------+---------+---------+-------
      Total |    3977 |    1155 |  22.5 |     162 |      17 |   9.5
            +---------+---------+-------+---------+---------+-------
        D:1 |      47 |      14 |  23.0 |      15 |       8 |  34.8
        D:2 |     105 |       0 |   0.0 |      27 |       0 |   0.0
        D:3 |     122 |      45 |  26.9 |      15 |       5 |  25.0
        D:4 |     235 |       0 |   0.0 |      19 |       0 |   0.0
        D:5 |     137 |       0 |   0.0 |       9 |       0 |   0.0
        D:6 |     790 |       0 |   0.0 |      20 |       0 |   0.0
        D:7 |     871 |    1096 |  55.7 |      23 |       4 |  14.8
        D:8 |    1486 |       0 |   0.0 |      32 |       0 |   0.0
        D:9 |     145 |       0 |   0.0 |       1 |       0 |   0.0
       D:12 |      39 |       0 |   0.0 |       1 |       0 |   0.0
            +---------+---------+-------+---------+---------+-------
